 Dungeon Crawl Stone Soup version bcrawl-1.17.1 (webtiles) character file.

Game seed: 2479075575167165239

511 Gottschkopf the Ruffian (level 6, 13/47 HPs)
             Began as a Draconian Transmuter on Oct 18, 2019.
             Starved to death
             ... on level 3 of the Dungeon.
             The game lasted 00:09:29 (3346 turns).

Gottschkopf the Ruffian (Draconian Transmuter)      Turns: 3346, Time: 00:09:30

Health: 13/47      AC:  6    Str: 12    XL:     6   Next: 99%
Magic:  8/9        EV: 12    Int: 16    God:
Gold:   221        SH:  0    Dex: 11    Spells: 5/9 levels left

rFire    . . .     SeeInvis .     - Unarmed
rCold    . . .     Gourm    .   (no shield)
rNeg     . . .     Faith    .   (armour unavailable)
rPois    .         Spirit   .   (helmet restricted)
rElec    .         Reflect  .   (no cloak)
rCorr    .         Harm     .   (no gloves)
MR       .....                  (no boots)
Stlth    +.........             (no amulet)
HPRegen  0.15/turn              (no ring)
MPRegen  0.11/turn              (no ring)

@: very slightly contaminated, fainting
A: unfitting armour, cold-blooded, AC +6
a: no special abilities


You were on level 3 of the Dungeon.
You were fainting.

You visited 1 branch of the dungeon, and saw 4 of its levels.

You collected 221 gold pieces.

Inventory:

Missiles
 a - 120 arrows
 e - 227 poisoned needles
Armour
 o - a +4 ring mail
Scrolls
 b - 3 scrolls of identify {unknown}
 i - 2 scrolls of remove curse {unknown}
 j - a scroll of fog {unknown}
 k - a scroll of amnesia {unknown}
 l - a scroll of enchant weapon {unknown}
Potions
 c - 3 potions of lignification
 g - a potion of haste {unknown}
 h - 2 potions of ambrosia {unknown}
 m - a potion of heal wounds {unknown}
 n - 2 potions of curing {unknown}


   Skills:
 - Level 1.1 Fighting
 - Level 1.7 Dodging
 + Level 6.7 Unarmed Combat
 - Level 2.0 Spellcasting
 - Level 3.1 Transmutations
 - Level 3.2 Poison Magic


You had 5 spell levels left.
You knew the following spells:

 Your Spells              Type           Power        Failure   Level  Hunger
a - Beastly Appendage     Tmut           ##....       6%          1    #......
b - Spider Form           Tmut/Pois      ##.          17%         3    ###....

Your spell library contained the following spells:

 Spells                   Type           Power        Failure   Level  Hunger
 Sticks to Snakes         Tmut           ##......     9%          2    ###....
 Apportation              Tloc           #.....       21%         1    #......
 Infusion                 Chrm           #.......     21%         1    #......
 Sandblast                Erth           #.....       21%         1    #......
 Slow                     Hex            #.......     21%         1    #......
 Summon Butterflies       Summ           #.......     21%         1    #......
 Ice Form                 Ice/Tmut       #.......     73%         4    #####..
 Blade Hands              Tmut           ##........   85%         5    ######.


Dungeon Overview and Level Annotations

Branches:
Dungeon (4/12)
 Temple: D:4-7

Altars:
Uskayaw

Shops:
D:4 (


Innate Abilities, Weirdness & Mutations

Your plain brown scales are hard. (AC +6)
You cannot fit into any form of body armour.
You are cold-blooded and may be slowed by cold attacks.


Message History

* * * LOW HITPOINT WARNING * * *
You feel slightly more hungry.
You barely miss the hungry ghost.
Your tail-slap misses the hungry ghost.
The hungry ghost is almost destroyed.
The hungry ghost hits you.
You feel slightly more hungry.
You closely miss the hungry ghost.
The hungry ghost is almost destroyed.
The hungry ghost hits you.
* * * LOW HITPOINT WARNING * * *
You feel slightly more hungry.
You closely miss the hungry ghost.
The hungry ghost is almost destroyed.
The hungry ghost closely misses you.
You hit the hungry ghost.
You destroy the hungry ghost!
Your Unarmed Combat skill increases to level 6!
You aren't carrying any food.
Your talons disappear.
You have starved to death.
You die...

#........[..# #......
#...........# #......
#...........# #......
#..........># #......
#.).........# #......
#...........# #......
#)..........# #......
#########.### #......
#..@...#######......
#.#.................
##########.#.............####
#........#.+.............#
#.......####.............####
#.......# #....)........#^..
#......># #.............#.##
####.......####.............#.##
#..#.......##............<..#...


There were no monsters in sight!

Vanquished Creatures
  A hungry ghost (D:3)
  An ogre (D:4)
  A scorpion (D:2)
  A crimson imp (D:3)
  A bullfrog skeleton (D:3)
  An iguana (D:3)
  3 worker ants
  3 adders
  3 oozes
  2 worms (D:2)
  A dart slug (D:3)
  3 leopard geckos
  An orc (D:2)
  2 giant cockroaches
  7 hobgoblins
  4 kobolds
  2 quokkas
  2 ball pythons
  6 bats
  A frilled lizard (D:3)
  2 goblins (D:1)
  A quokka zombie (D:3)
  2 rats
51 creatures vanquished.

Notes
Turn   | Place    | Note
-------+----------+-------------------------------------------
     0 | D:1      | Gottschkopf the Draconian Transmuter began the quest for
                  | the Orb.
     0 | D:1      | Reached XP level 1. HP: 16/16 MP: 3/3
   446 | D:1      | Reached XP level 2. HP: 7/23 MP: 3/5
   928 | D:2      | Reached skill level 4 in Unarmed Combat
  1035 | D:2      | Reached XP level 3. HP: 28/28 MP: 4/6
  1057 | D:2      | Noticed a scorpion
  1073 | D:3      | Learned a level 3 spell: Spider Form
  1105 | D:3      | Reached skill level 1 in Poison Magic
  1305 | D:3      | Found a hide-covered altar of Uskayaw.
  1521 | D:3      | Reached XP level 4. HP: 35/35 MP: 5/7
  2278 | D:2      | Reached XP level 5. HP: 25/40 MP: 1/8
  2978 | D:4      | Found Goquer's Weapon Shoppe.
  3123 | D:4      | Noticed an ogre
  3134 | D:4      | Killed an ogre
  3134 | D:4      | Reached skill level 5 in Unarmed Combat
  3134 | D:4      | Reached XP level 6. HP: 47/47 MP: 5/9
  3177 | D:4      | Noticed a hungry ghost
  3343 | D:3      | Killed a hungry ghost
  3343 | D:3      | Reached skill level 6 in Unarmed Combat
  3346 | D:3      | Starved to death

Skill      XL: |  1  2  3  4  5  6 |
---------------+-------------------+-----
Unarmed Combat | 4 5 6 |  6.7
Poison Magic   | 1 3 |  3.2
Transmutations | 3 |  3.1
Fighting       | |  1.1
Dodging        | |  1.7
Spellcasting   | |  2.0

Action                   |  1- 3 |  4- 6 || total
-------------------------+-------+-------++-------
Melee: Unarmed           |    78 |   147 ||   225
       Tailslap          |    11 |     9 ||    20
       Kick              |     2 |     5 ||     7
       Headbutt          |     4 |     6 ||    10
       Punch             |     1 |     1 ||     2
 Cast: Beastly Appendage |    13 |     9 ||    22
       Spider Form       |       |     6 ||     6
  Use: Potion            |       |     1 ||     1
 Stab: Sleeping          |     1 |       ||     1
       Distracted        |       |     1 ||     1
  Eat: Chunk             |     2 |     8 ||    10
       Ration            |       |     2 ||     2
Armor: Skin              |    19 |    39 ||    58
Dodge: Dodged            |    38 |    89 ||   127
